 Dungeon Crawl Stone Soup version 0.27.1-3-gb3d3a73c9e (webtiles) character file.

Game seed: 15509222152796069920

33 Crownlay the Shield-Bearer (level 3, -16/31 HPs)
             Began as a Hill Orc Fighter on Oct 21, 2021.
             Was a Follower of Wu Jian.
             Blown up by Ijyb (19 damage)
             ... with a mindburst bolt
             ... on level 2 of the Dungeon.
             The game lasted 00:01:37 (935 turns).

Crownlay the Shield-Bearer (Hill Orc Fighter)        Turns: 935, Time: 00:01:37

Health: -16/31     AC:  6    Str: 19    XL:     3   Next: 29%
Magic:  0/3        EV:  9    Int:  8    God:    Wu Jian [*.....]
Gold:   8          SH:  0    Dex: 10    Spells: 2/2 levels left

rFire    . . .     SeeInvis .   a - +0 war axe
rCold    . . .     Faith    .   (no shield)
rNeg     . . .     Spirit   +   b - +0 scale mail
rPois    .         Reflect  .   (no helmet)
rElec    .         Harm     .   (no cloak)
rCorr    +         Rampage  .   (no gloves)
Will     .....                  (no boots)
Stlth    ..........             h - amulet of guardian spirit
HPRegen  0.10/turn              g - ring of resist corrosion
MPRegen  0.08/turn              (no ring)

@: no status effects
A: no striking features
a: Renounce Religion


You were on level 2 of the Dungeon.
You worshipped Wu Jian.
Wu Jian was aware of your devotion.
You visited 1 branch of the dungeon, and saw 2 of its levels.

You collected 8 gold pieces.

Inventory:

Hand Weapons
 a - a +0 war axe (weapon)
Armour
 b - a +0 scale mail (worn)
 c - a +0 kite shield
Jewellery
 g - a ring of resist corrosion (left hand)
 h - an amulet of guardian spirit (around neck)
Scrolls
 e - a scroll of magic mapping {unknown}
Potions
 d - a potion of might
 f - a potion of mutation {unknown}


   Skills:
 - Level 3.6 Fighting
 + Level 3.9 Axes
 - Level 3.2 Armour
 + Level 4.0 Shields


You had 2 spell levels left.
You didn't know any spells.
Your spell library contained the following spells:

 Spells                   Type           Power      Damage    Failure   Level
 Beastly Appendage        Tmut           0%         N/A       77%         1
 Wereblood                Tmut           0%         N/A       88%         2
 Spider Form              Tmut/Pois      0%         N/A       98%         3


Dungeon Overview and Level Annotations

Branches:
Dungeon (2/15)

Altars:
Wu Jian

Annotations:
D:2 Ijyb


Message History

2 goblins come into view.
The goblin shouts!
You hear a shout! x2
A goblin comes into view.
It is wielding a +0 club. 3 goblins and Ijyb come into view.
Ijyb is wielding a +1 dagger of venom and carrying a wand of mindburst (10).
Ijyb shouts!
The goblin shouts! x4
Found a stone staircase leading up.
Found 11 gold pieces and a fuming grey potion.
You lunge at the goblin, but your attack speed is too slow for a blow to land.
The goblin closely misses you.
You slash the goblin!
You kill the goblin!
The Council accepts your kill.
You closely miss the goblin. The goblin hits you with a +0 club.
You hit the goblin.
You kill the goblin!
The Council accepts your kill.
You hit the goblin. You closely miss the goblin. The goblin closely misses you.
You slash Ijyb!
Ijyb is moderately wounded.
You hit the goblin but do no damage. You hit the goblin.
You kill the goblin!
The Council accepts your kill. The goblin barely misses you.
Ijyb zaps a wand.
Your mind is blasted!
Ouch! That really hurt!
* * * LOW HITPOINT WARNING * * *
The goblin hits you but does no damage. x2
You are too injured to fight recklessly!
You are too injured to fight recklessly!
You are too injured to fight recklessly!
You closely miss Ijyb.
Ijyb is moderately wounded.
You hit the goblin. You closely miss the goblin. You slash the goblin!
You kill the goblin!
The Council accepts your kill. The goblin hits you with a +0 club.
* * * LOW HITPOINT WARNING * * *
Ijyb zaps a wand.
Your mind is blasted!
Ouch! That really hurt!
You die...

#.$!.$..#
#8.....8##........
#.......##.........#
#8.....8##.........#
#.......##.........#
#8.....8##.........#
#....gg)#..........#
#8...g@8##.........#
#..................#
#.......##.....<...#
.....######......)..#
.<.................##
##...#####..#.....##
#. #..####### #. #..#
#..#


You could see Ijyb and 2 goblins.

Vanquished Creatures
  A dart slug (D:1)
  A ball python (D:1)
  A bat (D:1)
  2 endoplasms (D:1)
  A giant cockroach (D:1)
  7 goblins
  5 hobgoblins (D:1)
  3 quokkas (D:1)
  4 frilled lizards (D:1)
  A kobold (D:1)
  3 rats (D:1)
29 creatures vanquished.

Notes
Turn   | Place    | Note
-------+----------+-------------------------------------------
     0 | D:1      | Crownlay the Hill Orc Fighter began the quest for the Orb.
     0 | D:1      | Reached XP level 1. HP: 19/19 MP: 1/1
     0 | D:1      | Noticed a minotaur skeleton
   149 | D:1      | Reached XP level 2. HP: 22/26 MP: 2/2
   265 | D:1      | Found a faded altar of an unknown god.
   284 | D:1      | Became a worshipper of the Wu Jian Council
   284 | D:1      | Reached * piety under Wu Jian
   576 | D:1      | Reached XP level 3. HP: 31/31 MP: 3/3
   660 | D:1      | Reached skill level 4 in Shields
   929 | D:2      | Noticed Ijyb
   935 | D:2      | Blown up by Ijyb

Illustrated notes

Levels and vault maps discovered:
D:1:      shiori_arrival_whats_in_store_for_you, layout_basic,
          basic_ecumenical_altar
D:2:      kennysheep_the_goblin_king, layout_rooms, serial_shops, shop_scrolls,
          uniq_jessica

Skill      XL: |  1  2  3 |
---------------+----------+-----
Axes           | 3 |  3.9
Shields        | 4 |  4.0
Fighting       | |  3.6
Armour         | |  3.2

Action                   || total
-------------------------++-------
Melee: War axe           ||    67
Invok: Lunge             ||     6
Armor: Scale mail        ||    44
Dodge: Dodged            ||    28
